 Dungeon Crawl Stone Soup version 0.17.0-15-g6d90897 (webtiles) character file.

18349 oplop the Thaumaturge (level 12, 0/61 HPs)
             Began as a Spriggan Conjurer on Nov 10, 2015.
             Was the Champion of Sif Muna.
             Engulfed by a cloud of flame (10 damage)
             ... in a volcano.
             The game lasted 00:41:19 (13528 turns).

oplop the Thaumaturge (Spriggan Conjurer)          Turns: 13528, Time: 00:41:19

Health: 0/61       AC:  7    Str:  7    XL:     12   Next: 26%
Magic:  9/39       EV: 28    Int: 20    God:    Sif Muna [******]
Gold:   631        SH:  0    Dex: 17    Spells: 10 memorised, 6 levels left

rFire  . . .     SeeInvis +     f - +2 spear (venom)
rCold  . . .     Rnd*Rage +     G - +0 robe of Birdsong {*Contam +Blink rCorr Stlth+}
rNeg   + . .     SustAt   .     (shield currently unavailable)
rPois  .         Gourm    .     i - +2 hat
rElec  .         Spirit   .     j - +2 cloak
rCorr  +         Warding  +     (gloves unavailable)
rMut   .         Stasis   .     (boots unavailable)
MR     ++...                    w - amulet of warding
Stlth  ++++......               h - ring of magical power
                                m - +6 ring of slaying

@: very slightly contaminated, repel missiles, very quick, very resistant to
hostile enchantments, stealthy
A: unfitting armour, horns 2, see invisible, berserk 1, herbivore 3, speed 3,
slow metabolism 2, strong 1, evolution 1
a: Channel Energy, Forget Spell, Renounce Religion, Evoke Blink


You were in a volcano.
You worshipped Sif Muna.
Sif Muna was exalted by your worship.
You were completely stuffed.

You visited 2 branches of the dungeon, and saw 15 of its levels.
You also visited: Volcano.

You collected 868 gold pieces.
You spent 237 gold pieces at shops.

Inventory:

Hand Weapons
 f - a +2 spear of venom (weapon)
Armour
 i - a +2 hat (worn)
 j - a +2 cloak (worn)
 F - a +0 buckler
 G - the +0 robe of Birdsong (worn) {*Contam +Blink rCorr Stlth+}
   (You acquired it on level 9 of the Dungeon)

   It lets you blink.
   It causes magical contamination when unequipped.
   It protects you from acid and corrosion.
   It makes you more stealthy.
Magical Staves
 B - an uncursed staff of death
Jewellery
 h - a ring of magical power (right hand)
 m - a +6 ring of slaying (left hand)
 o - an uncursed amulet of regeneration
 w - an amulet of warding (around neck)
 K - an uncursed ring of flight
Wands
 L - a wand of polymorph (19)
Scrolls
 g - a scroll of immolation {unknown}
 n - 5 scrolls of magic mapping {unknown}
 p - a scroll of amnesia {unknown}
 q - 4 scrolls of remove curse
 s - 3 scrolls of fog
 y - 2 scrolls of enchant armour
 z - a scroll of teleportation
 D - a scroll of identify
 J - 2 scrolls of recharging
Potions
 d - 5 potions of curing
 e - 3 potions of lignification
 k - a potion of cancellation {unknown}
 l - a potion of invisibility {unknown}
 r - 2 potions of flight
 t - a potion of heal wounds
 A - 4 potions of brilliance
 C - 2 potions of ambrosia {unknown}
 E - a potion of resistance
 I - a potion of haste
Books
 a - a book of Air

   Spells                             Type                      Level
   a - Shock                          Conjuration/Air              1
   b - Swiftness                      Charms/Air                   2
   c - Repel Missiles                 Charms/Air                   2
   d - Static Discharge               Conjuration/Air              3
   e - Lightning Bolt                 Conjuration/Air              5
 b - a book of Conjurations

   Spells                             Type                      Level
   a - Magic Dart                     Conjuration                  1
   b - Searing Ray                    Conjuration                  2
   c - Dazzling Spray                 Conjuration/Hexes            3
   d - Fulminant Prism                Conjuration/Hexes            4
   e - Iskenderun's Mystic Blast      Conjuration                  4
   f - Iskenderun's Battlesphere      Conjuration/Charms           5
 u - a book of Fire

   Spells                             Type                      Level
   a - Ignite Poison                  Fire/Transmutation/Poison    3
   b - Fireball                       Conjuration/Fire             5
   c - Bolt of Fire                   Conjuration/Fire             6
   d - Delayed Fireball               Conjuration/Fire             7
   e - Ring of Flames                 Charms/Fire                  7
 v - a book of Clouds

   Spells                             Type                      Level
   a - Mephitic Cloud                 Conjuration/Poison/Air       3
   b - Conjure Flame                  Conjuration/Fire             3
   c - Poisonous Cloud                Conjuration/Poison/Air       6
   d - Freezing Cloud                 Conjuration/Ice/Air          6
   e - Ring of Flames                 Charms/Fire                  7
 H - a Young Poisoner's Handbook

   Spells                             Type                      Level
   a - Sting                          Conjuration/Poison           1
   b - Cure Poison                    Poison                       2
   c - Mephitic Cloud                 Conjuration/Poison/Air       3
   d - Olgreb's Toxic Radiance        Poison                       4
   e - Venom Bolt                     Conjuration/Poison           5
Comestibles
 c - 4 bread rations


   Skills:
 + Level 6.3 Fighting
 + Level 12.0 Dodging
 - Level 3.0 Stealth
 * Level 13.4 Spellcasting
 - Level 8.8 Conjurations
 - Level 8.9 Charms
 + Level 2.0 Transmutations
 + Level 1.3 Ice Magic
 + Level 1.0 Air Magic


You had 6 spell levels left.
You knew the following spells:

 Your Spells              Type           Power        Failure   Level  Hunger
a - Magic Dart            Conj           ####         1%          1    None
b - Searing Ray           Conj           #####.       1%          2    None
c - Iskenderun's Mystic   Conj           #####...     1%          4    None
d - Iskenderun's Battles  Conj/Chrm      #####...     4%          5    ####...
e - Static Discharge      Conj/Air       ####....     1%          3    None
f - Repel Missiles        Chrm/Air       ####..       1%          2    None
g - Mephitic Cloud        Conj/Pois/Air  ####....     4%          3    None
h - Ignite Poison         Fire/Trmt/Pois ###.....     12%         3    None
i - Cure Poison           Pois           ##........   10%         2    None
j - Freezing Cloud        Conj/Ice/Air   ####......   98%         6    #####..


Dungeon Overview and Level Annotations

Branches:
Dungeon (14/15)            Temple (0/1) D:6            Lair (1/8) D:8
    Orc (0/4) D:10
 Vaults: D:13-14

Altars:
Ashenzari
Cheibriados
Fedhas
Gozag
Kikubaaqudgha
Okawaru
Ru
Sif Muna
Yredelemnul
Beogh

Shops:
D:2 *   D:6 [   D:7 :   D:9 *

Annotations:
D:5 Sheev's ghost, novice FoHu
D:8 SKei0's ghost, novice GrFi
D:13 exclusion: vault guard, SaintRoka's ghost, journeyman HEAs


Innate Abilities, Weirdness & Mutations

You are tiny and cannot use many weapons and most armour.
You have supernaturally acute eyesight.
You are a herbivore.
You cover ground extremely quickly.
You need consume almost no food.
You have a pair of horns on your head.
You tend to lose your temper in combat.
Your muscles are strong. (Str +2)
You evolve.


Message History

The mummy is engulfed in roaring flames.
You destroy the mummy!
The vampire completely misses you. The vampire misses you.
Unknown command.
The air gets thick with the scent of sulphur.
Really walk into that cloud of flame?
Okay, then.
The vampire barely misses you. The vampire misses you.
The hill giant skeleton is engulfed in roaring flames.
You see here 20 gold pieces.
The vampire completely misses you. The vampire closely misses you.
The hill giant skeleton is engulfed in roaring flames.
In the distance, the volcano erupts with a roar.
The vampire hits you. The vampire misses you.
The centaur skeleton closely misses you.
The hill giant skeleton hits you!
* * * LOW HITPOINT WARNING * * *
Really walk into that cloud of flame?
You are engulfed in roaring flames.
You die...

##### #...# #########
###.∩.##
#$$$#$.Z#####......### ##
#$$$#VZ.@............###.
#...V$..#####.#..#.####≈.
##'###### #......'.....
#.Z.#$..#####.#..#.####§.
#..Z#*.§ZZZ.M........####
#...#$..#####......### #
#'####### ##.##.## # #.
#.##.# 'V #.##.#


You could see 2 vampires, a centaur skeleton and a hill giant skeleton.

Vanquished Creatures
  A hydra (D:11)
  A centaur warrior (D:13)
  3 unseen horrors
  4 hill giants
  3 manticores
  3 cyclopes
  A sphinx skeleton (Volcano)
  Maurice (D:9)
  A black mamba (Lair:1)
  A gargoyle (D:11)
  A two-headed ogre (D:11)
  A blink frog (D:8)
  A wyvern (D:13)
  A vampire (Volcano)
  A wraith (D:10)
  4 deep elf magi
  4 yaks
  3 hippogriffs
  A hungry ghost (D:12)
  A steam dragon (D:8)
  A mottled dragon (D:11)
  A merfolk skeleton (Volcano)
  3 sky beasts
  A water moccasin (Lair:1)
  8 spiders (D:9)
  A porcupine (Lair:1)
  3 ogres
  6 orc warriors
  A phantom (D:11)
  2 black bears
  2 crocodiles (Lair:1)
  3 ice beasts
  2 centaurs
  A big kobold (D:9)
  A gnoll sergeant (D:6)
  9 giant frogs
  A wyvern skeleton (D:9)
  3 scorpions
  10 killer bees
  A troll skeleton (Volcano)
  An electric eel (D:11)
  A giant frog zombie (D:12)
  10 wights
  9 orc wizards
  3 centaur zombies
  6 crimson imps
  5 orc priests
  4 centaur skeletons
  Ijyb (D:3)
  A gnoll shaman (D:7)
  3 hounds
  4 jellies
  4 iguanas
  6 worker ants
  A naga skeleton (Volcano)
  A mummy (Volcano)
  A worker ant zombie (D:9)
  3 gnolls (D:6)
  10 adders
  A shadow imp (D:10)
  An ooze (D:1)
  An adder zombie (D:7)
  5 worms
  A giant gecko (D:7)
  43 orcs
  4 bats
  3 giant cockroaches
  10 hobgoblins
  7 jackals
  13 kobolds
  A quokka (D:12)
  A ball python (D:3)
  A giant cockroach zombie (D:6)
  6 giant newts
  8 goblins
  A jackal skeleton (D:7)
  A jackal zombie (D:5)
  6 rats
285 creatures vanquished.

Vanquished Creatures (others)
  An orc (D:11)
1 creature vanquished.

Grand Total: 286 creatures vanquished

Notes
Turn   | Place    | Note
--------------------------------------------------------------
     0 | D:1      | oplop the Spriggan Conjurer began the quest for the Orb.
     0 | D:1      | Reached XP level 1. HP: 9/9 MP: 5/5
   289 | D:1      | Reached XP level 2. HP: 13/13 MP: 6/6
   775 | D:2      | Reached XP level 3. HP: 16/16 MP: 8/8
   998 | D:2      | Found an opulent altar of Gozag.
  1005 | D:2      | Found Gozag's Platinum Reserve.
  1126 | D:2      | Found a deep blue altar of Sif Muna.
  1257 | D:2      | Became a worshipper of Sif Muna the Loreminder
  1301 | D:2      | Found a blossoming altar of Fedhas.
  1453 | D:2      | Reached skill level 4 in Dodging
  1790 | D:3      | Found an opulent altar of Gozag.
  1864 | D:3      | Reached XP level 4. HP: 21/21 MP: 10/10
  1871 | D:3      | Noticed Ijyb
  1921 | D:3      | Killed Ijyb
  1946 | D:3      | Learned a level 2 spell: Searing Ray
  2110 | D:3      | HP: 1/21 [orc priest/divine providence (8)]
  2761 | D:3      | Reached XP level 5. HP: 24/24 MP: 5/12
  3015 | D:3      | Found a basalt altar of Yredelemnul.
  3163 | D:4      | Found a shattered altar of Ashenzari.
  3244 | D:4      | Reached skill level 5 in Dodging
  3405 | D:4      | Reached XP level 6. HP: 22/28 MP: 4/14
  3628 | D:5      | Entered Level 5 of the Dungeon
  3648 | D:5      | Reached skill level 5 in Spellcasting
  3660 | D:5      | Found an iron altar of Okawaru.
  3669 | D:5      | Reached skill level 6 in Dodging
  3861 | D:5      | Reached * piety under Sif Muna
  3871 | D:5      | Noticed Sheev's ghost (novice FoHu)
  4098 | D:6      | Found a staircase to the Ecumenical Temple.
  4158 | D:6      | Reached skill level 7 in Dodging
  4158 | D:6      | Reached XP level 7. HP: 22/32 MP: 16/16
  4259 | D:6      | Found Loun's Antique Armour Shoppe.
  4264 | D:6      | Bought a cloak for 85 gold pieces
  4488 | D:6      | Reached skill level 5 in Conjurations
  4514 | D:6      | Reached skill level 8 in Dodging
  4541 | D:6      | Reached XP level 8. HP: 32/36 MP: 14/19
  4687 | D:6      | Reached ** piety under Sif Muna
  5031 | D:7      | Found Ziodgh's Book Boutique.
  5067 | D:7      | Reached skill level 9 in Dodging
  5380 | D:7      | Learned a level 4 spell: Iskenderun's Mystic Blast
  5616 | D:8      | Reached skill level 10 in Dodging
  5616 | D:8      | Reached XP level 9. HP: 22/39 MP: 22/22
  5639 | D:8      | Reached *** piety under Sif Muna
  5680 | D:8      | Noticed SKei0's ghost (novice GrFi)
  5911 | D:8      | Noticed a blink frog
  5916 | D:8      | Found a staircase to the Lair.
  6484 | D:8      | Killed a blink frog
  6918 | D:9      | Noticed Maurice
  7010 | D:9      | Learned a level 5 spell: Iskenderun's Battlesphere
  7034 | D:9      | Reached skill level 1 in Charms
  7069 | D:9      | Reached skill level 1 in Fighting
  7651 | D:9      | Reached **** piety under Sif Muna
  7681 | D:9      | Reached skill level 5 in Charms
  7693 | D:9      | Reached XP level 10. HP: 12/46 MP: 20/24
  7729 | D:9      | Reached skill level 10 in Spellcasting
  8104 | D:9      | Killed Maurice
  8211 | D:9      | Found Pogruq's General Store.
  8218 | D:9      | Bought a bread ration for 80 gold pieces
  8218 | D:9      | Bought 3 fruits for 72 gold pieces
  8218 | D:9      | Identified a scroll of acquirement
  8219 | D:9      | Got a faintly glowing robe
  8230 | D:9      | Identified the +0 robe of Birdsong {*Contam +Blink rCorr Stlth+} (You acquired it on level 9 of the Dungeon)
  8242 | D:9      | Gained mutation: You have a pair of small horns on your head. [potion of mutation]
  8242 | D:9      | Gained mutation: Your mind is acute. (Int +2) [potion of mutation]
  8243 | D:9      | Gained mutation: You evolve. [potion of mutation]
  8243 | D:9      | Lost mutation: Your mind is acute. (Int +2) [potion of mutation]
  8243 | D:9      | Gained mutation: You have a pair of horns on your head. [potion of mutation]
  8316 | D:9      | Found a sacrificial altar of Ru.
  8395 | D:9      | Found an ancient bone altar of Kikubaaqudgha.
  8505 | D:10     | Entered Level 10 of the Dungeon
  8539 | D:10     | Reached ***** piety under Sif Muna
  8862 | D:10     | Learned a level 3 spell: Static Discharge
  8865 | D:10     | Learned a level 2 spell: Repel Missiles
  8900 | D:10     | Noticed a hill giant
  8929 | D:10     | Killed a hill giant
  9517 | D:10     | Found a staircase to the Orcish Mines.
  9521 | D:10     | Gained mutation: Your muscles are strong. (Str +2) [evolution]
  9537 | D:10     | Found a roughly hewn altar of Beogh.
  9849 | D:11     | Reached skill level 11 in Spellcasting
  9871 | D:11     | Noticed a cyclops
 10341 | D:11     | Noticed a hill giant
 10410 | D:11     | Reached XP level 11. HP: 53/53 MP: 22/27
 10463 | D:11     | Found a snail-covered altar of Cheibriados.
 10481 | D:11     | Killed a hill giant
 10503 | D:11     | Noticed a seven-headed hydra
 10529 | D:11     | Killed a seven-headed hydra
 10543 | D:11     | Noticed a cyclops
 10649 | D:11     | Killed a cyclops
 10649 | D:11     | Reached ****** piety under Sif Muna
 10649 | D:11     | Received a gift from Sif Muna
 10655 | D:11     | Learned a level 3 spell: Mephitic Cloud
 11129 | D:11     | Noticed a hill giant
 11138 | D:11     | Killed a hill giant
 11138 | D:11     | Reached skill level 5 in Fighting
 11180 | D:11     | Killed a cyclops
 11180 | D:11     | Reached skill level 12 in Spellcasting
 11284 | D:12     | Noticed a hill giant
 11334 | D:12     | Killed a hill giant
 11392 | D:12     | Noticed an unseen horror
 11402 | D:12     | Killed an unseen horror
 11430 | D:12     | Noticed an unseen horror
 11439 | D:12     | Killed an unseen horror
 12310 | D:13     | Noticed SaintRoka's ghost (journeyman HEAs)
 12337 | D:13     | Noticed an unseen horror
 12353 | D:13     | Killed an unseen horror
 12353 | D:13     | Reached skill level 13 in Spellcasting
 12392 | D:13     | Reached XP level 12. HP: 43/61 MP: 12/30
 12585 | D:13     | Noticed a vault guard
 12585 | D:13     | Noticed an iron troll
 12608 | D:13     | Noticed a centaur warrior
 12627 | D:13     | Killed a centaur warrior
 12711 | D:13     | Gained mutation: You tend to lose your temper in combat. [evolution]
 12972 | D:14     | Noticed a centaur warrior
 12980 | D:13     | Learned a level 3 spell: Ignite Poison
 12983 | D:13     | Learned a level 2 spell: Cure Poison
 12990 | D:13     | Learned a level 6 spell: Freezing Cloud
 13144 | Lair:1   | Entered Level 1 of the Lair of Beasts
 13381 | Lair:1   | Reached skill level 1 in Transmutations
 13389 | Lair:1   | Reached skill level 1 in Ice Magic
 13415 | Lair:1   | Found a dark tunnel.
 13420 | Volcano  | Entered a volcano
 13495 | Volcano  | Reached skill level 1 in Air Magic
 13528 | Volcano  | Engulfed by a cloud of flame

Action                   |  1- 3 |  4- 6 |  7- 9 | 10-12 || total
-------------------------+-------+-------+-------+-------++-------
Melee: Spear             |   107 |   102 |   169 |   255 ||   633
 Cast: Magic Dart        |     1 |    27 |    97 |    95 ||   220
       Searing Ray       |       |     9 |    16 |     7 ||    32
       Iskenderun's Myst |       |       |    21 |    71 ||    92
       Static Discharge  |       |       |       |    17 ||    17
       Iskenderun's Batt |       |       |       |     9 ||     9
       Repel Missiles    |       |       |       |     2 ||     2
       Mephitic Cloud    |       |       |       |    19 ||    19
       Ignite Poison     |       |       |       |     5 ||     5
  Use: Scroll            |       |       |     1 |    15 ||    16
       Potion            |       |       |       |     3 ||     3
 Stab: Sleeping          |    11 |     8 |     8 |    10 ||    37
       Distracted        |       |     1 |       |       ||     1
       Confused          |       |       |       |     5 ||     5
  Eat: Bread ration      |       |       |     1 |     2 ||     3
       Royal jelly       |       |       |       |     1 ||     1
       Pizza             |       |       |       |     1 ||     1
       Fruit             |       |       |       |     3 ||     3
